 Dungeon Crawl Stone Soup version 0.31.0-9-g3a7656b989 (webtiles) character file.

Game seed: 11557432719014329518

249 qw the Shooter (level 5, -10/26 HPs)
             Began as a Spriggan Hunter on Feb 2, 2024.
             Mangled by an ice beast (14 damage)
             ... on level 5 of the Dungeon.
             The game lasted 00:00:13 (3158 turns).

qw the Shooter (Spriggan Hunter)                    Turns: 3158, Time: 00:00:13

Health: -10/26     AC:  2    Str:  7    XL:     5   Next: 86%
Magic:  6/6        EV: 21    Int: 10    God:
Gold:   215        SH:  0    Dex: 21    Spells: 4/4 levels left

rFire   . . .        a - +2 shortbow
rCold   . . .        (shield currently unavailable)
rNeg    . . .        c - +0 robe
rPois   .            (helmet restricted)
rElec   .            (no cloak)
rCorr   .            (gloves unavailable)
SInv    +            (boots unavailable)
Will    .....        (no amulet)
Stlth   ++           (no ring)
HPRegen 0.24/turn    (no ring)
MPRegen 0.10/turn

%: no passive effects
@: very quick
A: very small, no large weapons, unfitting armour, see invisible, speed 3
a: no special abilities


You were on level 5 of the Dungeon.
You visited 1 branch of the dungeon, and saw 5 of its levels.

You collected 215 gold pieces.


Innate Abilities, Weirdness & Mutations

You are very small and have problems with some larger weapons.
You are too small for most types of armour.
You have supernaturally acute eyesight. (SInv)
You cover ground extremely quickly. (Speed+++)


   Skills:
 - Level 2.1 Fighting
 - Level 6.0 Ranged Weapons
 + Level 5.3 Dodging
 - Level 1.5 Stealth


You had 4 spell levels left.
You didn't know any spells.
Your spell library was empty.

Inventory:

Hand Weapons
 a - a +2 shortbow (weapon)
Armour
 c - a +0 robe (worn)
Wands
 i - a wand of charming (9)
Scrolls
 b - a scroll of revelation {unknown}
 d - a scroll of immolation {unknown}
 h - 3 scrolls of teleportation
Potions
 f - 3 potions of heal wounds
 g - 2 potions of resistance
 k - a potion of curing {unknown}

Dungeon Overview and Level Annotations

Branches:
Dungeon (5/15)
 Temple: D:4-7

Altars:

Shops:
D:1 (   D:2 =


Message History

The adder hisses angrily.
You shoot an arrow. The arrow misses the adder.
You shoot an arrow. The arrow hits the adder.
The adder is moderately wounded.
You shoot an arrow. The arrow misses the adder.
The adder bites you but does no damage.
You shoot an arrow. The arrow hits the adder!
You kill the adder!
An ice beast comes into view.
The ice beast moves out of view.
You shoot an arrow. The arrow hits the ice beast.
The ice beast is lightly wounded.
You shoot an arrow. The arrow barely misses the ice beast.
You shoot an arrow. The arrow hits the ice beast.
The ice beast is lightly wounded.
You shoot an arrow. The arrow hits the ice beast!
The ice beast is heavily wounded.
You shoot an arrow. The arrow closely misses the ice beast.
You shoot an arrow. The arrow closely misses the ice beast.
The ice beast misses you.
You shoot an arrow.
The arrow hits the ice beast but does no damage.
The ice beast is heavily wounded.
The ice beast closely misses you. The ice beast barely misses you.
You shoot an arrow. The arrow hits the ice beast!
The ice beast is severely wounded.
The ice beast misses you.
You shoot an arrow.
The arrow hits the ice beast but does no damage.
The ice beast is severely wounded.
The ice beast hits you. The ice beast freezes you.
You shoot an arrow. The arrow hits the ice beast.
The ice beast is almost dead.
The ice beast hits you. The ice beast freezes you.
You shoot an arrow. The arrow barely misses the ice beast.
The ice beast completely misses you.
You shoot an arrow. The arrow closely misses the ice beast.
The ice beast hits you. The ice beast freezes you!
Ouch! That really hurt!
You die...

# #.......# #
#.......# #.. #
#.......# ... #
#.......# #.#
########### #.# .#
#.# .# #.#
.########## #Y#
..........######@#
#..######........#
...# ##########
####


You could see an ice beast.

Vanquished Creatures
  A gnoll bouda (D:4)
  7 gnolls
  5 adders
  2 ribbon worms
  4 dart slugs
  An orc (D:3)
  9 ball pythons
  11 endoplasms
  A giant cockroach (D:4)
  9 goblins
  4 hobgoblins
  5 jackals (D:3)
  11 kobolds
  4 quokkas
  5 bats
  4 frilled lizards
  12 rats
95 creatures vanquished.

Notes
Turn   | Place    | Note
-------+----------+-------------------------------------------
     0 | D:1      | qw the Spriggan Hunter began the quest for the Orb.
     0 | D:1      | Reached XP level 1. HP: 10/10 MP: 2/2
     0 | D:1      | 0 ||| qw: Version: 0.3-a-155-g5e7d8dd
     0 | D:1      | 0 ||| qw: Game counter: 2376
     0 | D:1      | 0 ||| qw: Melee chars always use a shield: true
     0 | D:1      | 0 ||| qw: God list: Okawaru
     0 | D:1      | 0 ||| qw: Allow faded altars: false
     0 | D:1      | 0 ||| qw: Do Orc after clearing Dungeon:15 true
     0 | D:1      | 0 ||| qw: Do second Lair branch before Depths: true
     0 | D:1      | 0 ||| qw: Lair rune preference: random
     0 | D:1      | 0 ||| qw: Goals: Normal
     0 | D:1      | 0 ||| PLANNING D:1-11
    82 | D:1      | Reached skill level 3 in Dodging
   235 | D:1      | Found a faded altar of an unknown god.
   244 | D:1      | Reached XP level 2. HP: 14/14 MP: 3/3
   480 | D:1      | Found Usofag's Weapon Shoppe.
   793 | D:1      | 793 ||| READING scroll labelled FAMNI SUOVINU.
   793 | D:1      | 793 ||| IDENTIFYING yellow potion
   794 | D:1      | 794 ||| READING scroll labelled JET ASABBEVYA.
   795 | D:1      | 795 ||| READING 2 scrolls labelled IHET MICICOED.
   800 | D:1      | 800 ||| DRINKING 2 clear potions.
   801 | D:1      | 801 ||| DROPPING scroll of butterflies.
   825 | D:2      | Found Toavveck's Jewellery Shoppe.
   830 | D:2      | 830 ||| SHOPLISTING +4 ring of protection (360 gold, have
                  | 42).
   830 | D:2      | 830 ||| SHOPLISTING amulet of faith (400 gold, have 42).
   830 | D:2      | 830 ||| SHOPLISTING ring of resist corrosion (200 gold,
                  | have 42).
   830 | D:2      | 830 ||| SHOPLISTING ring of willpower (250 gold, have 42).
   882 | D:2      | Reached XP level 3. HP: 10/18 MP: 4/4
   887 | D:2      | HP: 4/18 [poisoned by an adder]
  1004 | D:2      | 1004 ||| FLEEEEING.
  1008 | D:2      | 1008 ||| FLEEEEING.
  1016 | D:2      | 1016 ||| FLEEEEING.
  1114 | D:2      | 1114 ||| FLEEEEING.
  1115 | D:2      | 1115 ||| FLEEEEING.
  1365 | D:2      | 1365 ||| DROPPING ring of flight.
  1366 | D:2      | 1366 ||| READING scroll of identify.
  1366 | D:2      | 1366 ||| IDENTIFYING red potion
  1550 | D:2      | Reached skill level 5 in Ranged Weapons
  1658 | D:2      | 1658 ||| READING scroll labelled BENATIBIOD.
  1658 | D:2      | 1658 ||| ENCHANTING +0 shortbow.
  1659 | D:2      | 1659 ||| DROPPING potion of attraction.
  1775 | D:3      | Reached XP level 4. HP: 22/22 MP: 5/5
  2112 | D:3      | 2112 ||| READING scroll of enchant weapon.
  2112 | D:3      | 2112 ||| ENCHANTING +1 shortbow.
  2344 | D:3      | 2344 ||| READING 2 scrolls of identify.
  2344 | D:3      | 2344 ||| IDENTIFYING white potion
  2345 | D:3      | 2345 ||| READING scroll of identify.
  2345 | D:3      | 2345 ||| IDENTIFYING fuming golden potion
  2346 | D:3      | 2346 ||| READING scroll labelled CUHERA XUEHO.
  2347 | D:3      | 2347 ||| DRINKING 2 bubbling black potions.
  2348 | D:3      | 2348 ||| FLEEEEING.
  2349 | D:3      | 2349 ||| FLEEEEING.
  2350 | D:3      | 2350 ||| FLEEEEING.
  2351 | D:3      | 2351 ||| FLEEEEING.
  2352 | D:3      | 2352 ||| FLEEEEING.
  2353 | D:3      | 2353 ||| FLEEEEING.
  2354 | D:3      | 2354 ||| FLEEEEING.
  2355 | D:3      | 2355 ||| FLEEEEING.
  2356 | D:3      | 2356 ||| FLEEEEING.
  2357 | D:3      | 2357 ||| FLEEEEING.
  2358 | D:3      | 2358 ||| FLEEEEING.
  2359 | D:3      | 2359 ||| FLEEEEING.
  2360 | D:3      | 2360 ||| FLEEEEING.
  2361 | D:3      | 2361 ||| FLEEEEING.
  2362 | D:3      | 2362 ||| FLEEEEING.
  2363 | D:3      | 2363 ||| FLEEEEING.
  2364 | D:3      | 2364 ||| FLEEEEING.
  2365 | D:3      | 2365 ||| FLEEEEING.
  2366 | D:3      | 2366 ||| FLEEEEING.
  2367 | D:3      | 2367 ||| FLEEEEING.
  2368 | D:3      | 2368 ||| FLEEEEING.
  2369 | D:3      | 2369 ||| FLEEEEING.
  2370 | D:3      | 2370 ||| FLEEEEING.
  2371 | D:3      | 2371 ||| FLEEEEING.
  2372 | D:3      | 2372 ||| FLEEEEING.
  2373 | D:3      | 2373 ||| FLEEEEING.
  2374 | D:3      | 2374 ||| FLEEEEING.
  2375 | D:3      | 2375 ||| FLEEEEING.
  2376 | D:3      | 2376 ||| FLEEEEING.
  2377 | D:3      | 2377 ||| FLEEEEING.
  2378 | D:3      | 2378 ||| FLEEEEING.
  2379 | D:3      | 2379 ||| FLEEEEING.
  2380 | D:3      | 2380 ||| FLEEEEING.
  2381 | D:3      | 2381 ||| FLEEEEING.
  2382 | D:3      | 2382 ||| FLEEEEING.
  2383 | D:3      | 2383 ||| FLEEEEING.
  2384 | D:3      | 2384 ||| FLEEEEING.
  2385 | D:3      | 2385 ||| FLEEEEING.
  2386 | D:3      | 2386 ||| FLEEEEING.
  2387 | D:3      | 2387 ||| FLEEEEING.
  2388 | D:3      | 2388 ||| FLEEEEING.
  2389 | D:3      | 2389 ||| FLEEEEING.
  2390 | D:3      | 2390 ||| FLEEEEING.
  2391 | D:3      | 2391 ||| FLEEEEING.
  2392 | D:3      | 2392 ||| FLEEEEING.
  2393 | D:3      | 2393 ||| FLEEEEING.
  2394 | D:3      | 2394 ||| FLEEEEING.
  2395 | D:3      | 2395 ||| FLEEEEING.
  2396 | D:3      | 2396 ||| FLEEEEING.
  2397 | D:3      | 2397 ||| FLEEEEING.
  2398 | D:3      | 2398 ||| FLEEEEING.
  2399 | D:3      | 2399 ||| FLEEEEING.
  2400 | D:3      | 2400 ||| FLEEEEING.
  2401 | D:3      | 2401 ||| FLEEEEING.
  2402 | D:3      | 2402 ||| FLEEEEING.
  2403 | D:3      | 2403 ||| FLEEEEING.
  2404 | D:3      | 2404 ||| FLEEEEING.
  2405 | D:3      | 2405 ||| FLEEEEING.
  2406 | D:3      | 2406 ||| FLEEEEING.
  2407 | D:3      | 2407 ||| FLEEEEING.
  2408 | D:3      | 2408 ||| FLEEEEING.
  2409 | D:3      | 2409 ||| FLEEEEING.
  2410 | D:3      | 2410 ||| FLEEEEING.
  2411 | D:3      | 2411 ||| FLEEEEING.
  2412 | D:3      | 2412 ||| FLEEEEING.
  2413 | D:3      | 2413 ||| FLEEEEING.
  2414 | D:3      | 2414 ||| FLEEEEING.
  2415 | D:3      | 2415 ||| FLEEEEING.
  2416 | D:3      | 2416 ||| FLEEEEING.
  2417 | D:3      | 2417 ||| FLEEEEING.
  2418 | D:3      | 2418 ||| FLEEEEING.
  2419 | D:3      | 2419 ||| FLEEEEING.
  2420 | D:3      | 2420 ||| FLEEEEING.
  2421 | D:3      | 2421 ||| DROPPING potion of degeneration.
  2422 | D:3      | 2422 ||| DROPPING potion of ambrosia.
  2423 | D:3      | 2423 ||| DROPPING potion of berserk rage.
  2673 | D:4      | 2673 ||| FLEEEEING.
  2674 | D:4      | 2674 ||| FLEEEEING.
  2682 | D:4      | Reached XP level 5. HP: 23/26 MP: 6/6
  3047 | D:5      | Entered Level 5 of the Dungeon
  3073 | D:5      | Reached skill level 6 in Ranged Weapons
  3144 | D:5      | Noticed an ice beast
  3158 | D:5      | HP: 4/26 [ice beast (3)]
  3158 | D:5      | Mangled by an ice beast

Levels and vault maps discovered:
D:1:      nagdon_arrival_double_spiral, layout_loops_ring, serial_shops,
          nicolae_diamond_shop, ebering_ecumenical_altar_petrified
D:2:      layout_loops_cross, serial_shops, shop, serial_glass, glass_columns_c,
          glass_columns_b, glass_columns_a, glass_columns_a, glass_columns_a,
          feat_on_display, due_unseen_surprise, item_on_display_a,
          minmay_strange_pillars
D:3:      minmay_chambers_of_twos, layout_basic, nicolae_underground_beach
D:4:      layout_loops_ring
D:5:      layout_loops_cross, uniq_menkaure

Skill      XL: |  1  2  3  4  5 |
---------------+----------------+-----
Dodging        | 3 4 5 |  5.3
Ranged Weapons | 5 6 |  6.0
Fighting       | 2 |  2.1
Stealth        | |  1.5

Action                     |  1- 3 |  4- 6 || total
---------------------------+-------+-------++-------
   Fire: Shortbow          |   138 |   137 ||   275
    Use: Scroll            |     5 |     4 ||     9
         Potion            |     1 |     1 ||     2
 Armour: Robe              |    13 |    11 ||    24
  Dodge: Dodged            |    29 |    29 ||    58

Table legend:
 A = Non-vault XP
 B = Vault XP
 C = Vault XP percentage of total XP
 D = Non-vault monster count
 E = Vault monster count
 F = Vault count percentage of total count
                 A         B        C        D         E       F
            +---------+---------+-------+---------+---------+-------
      Total |     344 |      12 |   3.4 |      87 |       8 |   8.4
            +---------+---------+-------+---------+---------+-------
        D:1 |      36 |       0 |   0.0 |      22 |       0 |   0.0
        D:2 |      56 |       0 |   0.0 |      22 |       0 |   0.0
        D:3 |      57 |      12 |  17.4 |      25 |       8 |  24.2
        D:4 |     124 |       0 |   0.0 |      13 |       0 |   0.0
        D:5 |      71 |       0 |   0.0 |       5 |       0 |   0.0
            +---------+---------+-------+---------+---------+-------
